 Dungeon Crawl Stone Soup version 0.21.1-1-g345015f (webtiles) character file.

235 Mirai the Sneak (level 6, -3/32 HPs)
             Began as a Kobold Enchanter on Apr 23, 2018.
             Killed by nerve-wracking pain
             ... invoked by Grinder
              (16 damage)
             ... on level 3 of the Dungeon.
             The game lasted 00:14:29 (3837 turns).

Mirai the Sneak (Kobold Enchanter)                  Turns: 3837, Time: 00:14:30

Health: -3/32      AC:  5    Str:  5      XL:     6   Next: 26%
Magic:  9/9        EV: 14    Int: 13 (16) God:
Gold:   186        SH:  0    Dex: 17 (18) Spells: 6/9 levels left

rFire    . . .     SeeInvis .   e - +2 dagger (protect)
rCold    . . .     Gourm    .   (shield restricted)
rNeg     . . .     Faith    .   j - +0 leather armour (curse)
rPois    .         Spirit   .   r - +1 helmet
rElec    .         Reflect  .   (no cloak)
rCorr    .         Harm     +   (no gloves)
MR       .....                  (no boots)
Stlth    +++.......             o - amulet of harm
HPRegen  0.10/turn              (no ring)
MPRegen  0.11/turn              (no ring)

@: no status effects
A: small, carnivore
a: no special abilities


You were on level 3 of the Dungeon.
You were completely stuffed.

You visited 1 branch of the dungeon, and saw 4 of its levels.

You collected 186 gold pieces.

Inventory:

Hand Weapons
 e - a +2 dagger of protection (weapon)
 m - a +0 short sword
 q - a +1 dagger of speed
Armour
 b - a +0 robe
 j - a cursed +0 leather armour (worn)
 l - a +0 leather armour
 r - a +1 helmet (worn)
Jewellery
 o - an amulet of harm (around neck)
Scrolls
 a - 5 scrolls of identify
 f - a scroll of remove curse
 g - a scroll of blinking
 h - 3 scrolls of immolation
 k - a scroll of amnesia {unknown}
Books
 c - a book of Maledictions

   Spells                             Type                      Level
   a - Corona                         Hexes                        1
   b - Ensorcelled Hibernation        Hexes/Ice                    2
   c - Confuse                        Hexes                        3
   d - Tukima's Dance                 Hexes                        3
   e - Dazzling Spray                 Conjuration/Hexes            3
Comestibles
 d - 3 rations


   Skills:
 + Level 4.0 Short Blades
 - Level 2.4 Dodging
 + Level 5.9 Stealth
 - Level 2.1 Spellcasting
 + Level 4.0 Hexes
 + Level 2.4 Ice Magic


You had 6 spell levels left.
You knew the following spells:

 Your Spells              Type           Power        Failure   Level  Hunger
a - Corona                Hex            ##.....      8%          1    ##.....
b - Ensorcelled Hibernat  Hex/Ice        #.....       17%         2    ###....


Dungeon Overview and Level Annotations

Branches:
Dungeon (4/15)
 Temple: D:4-7

Altars:

Annotations:
D:2 Sigmund
D:3 Grinder
D:4 inc's ghost, amateur OpEn


Innate Abilities, Weirdness & Mutations

You are small and have problems with some larger weapons.
You are carnivorous and can eat meat at any time.


Message History

Grinder is moderately wounded.
Grinder gestures at you. You resist with significant effort.
You hit Grinder but do no damage.
Grinder is moderately wounded.
You hit Grinder but do no damage.
Grinder is moderately wounded.
Grinder closely misses you.
You closely miss Grinder.
Grinder is moderately wounded.
Grinder blinks!
You see here 2 inedible chunks of flesh.
Grinder gestures at you. Pain shoots through your body!
Grinder gestures at you. Pain shoots through your body!
Grinder gestures at you. Pain shoots through your body!
Ouch! That really hurt!
You die...

#.## ####'''## #. ##.##
##.#.....#####.
##.###.##.#..(.(..ยง.
##...###5#########%
############ ##### #.# #.
...........# #.# #.
##########.# #.# #. #.#
########%# #. #.# #.@....5.#
######. #.# #.########
#...... #=# #.# #.##### #.#
#.# #.# ##########)# #.# #.#
.........#.####.# #.#
######.....##...###########.#
#.###....#..........>..# #.#
#......#############


You could see Grinder.

Vanquished Creatures
  Terence (D:2)
  Robin (D:2)
  8 adders
  An ooze (D:3)
  3 worms (D:2)
  A dart slug (D:3)
  3 leopard geckos
  4 orcs (D:3)
  4 giant cockroaches
  11 goblins
  15 hobgoblins
  14 jackals
  A quokka (D:2)
  7 bats
  6 frilled lizards
  8 kobolds
  13 rats
101 creatures vanquished.

Vanquished Creatures (others)
  9 toadstools (D:3)
9 creatures vanquished.

Grand Total: 110 creatures vanquished

Notes
Turn   | Place    | Note
-------+----------+-------------------------------------------
     0 | D:1      | Mirai the Kobold Enchanter began the quest for the Orb.
     0 | D:1      | Reached XP level 1. HP: 10/10 MP: 3/3
   310 | D:1      | Reached XP level 2. HP: 15/15 MP: 5/5
   318 | D:1      | Learned a level 2 spell: Ensorcelled Hibernation
   836 | D:1      | Reached XP level 3. HP: 19/19 MP: 4/6
  1268 | D:2      | Noticed Terence
  1277 | D:2      | Killed Terence
  1277 | D:2      | Reached skill level 1 in Ice Magic
  1277 | D:2      | Reached XP level 4. HP: 24/24 MP: 2/7
  1284 | D:2      | Reached skill level 5 in Stealth
  1547 | D:2      | Reached XP level 5. HP: 21/28 MP: 1/8
  1635 | D:2      | Noticed Robin
  1673 | D:2      | Killed Robin
  2077 | D:2      | Noticed Sigmund
  2743 | D:3      | Reached XP level 6. HP: 29/32 MP: 1/9
  3326 | D:3      | Noticed Grinder
  3379 | D:3      | Paralysed by Grinder for 2 turns
  3608 | D:4      | Noticed inc's ghost (amateur OpEn)
  3837 | D:3      | Killed from afar by Grinder

Skill      XL: |  1  2  3  4  5  6 |
---------------+-------------------+-----
Short Blades   | 2 3 4 |  4.0
Ice Magic      | 1 2 |  2.4
Stealth        | 5 |  5.9
Hexes          | 4 |  4.0
Dodging        | |  2.4
Spellcasting   | |  2.1

Action                   |  1- 3 |  4- 6 || total
-------------------------+-------+-------++-------
Melee: Dagger            |   105 |   310 ||   415
 Cast: Corona            |     4 |     5 ||     9
       Ensorcelled Hiber |     7 |    36 ||    43
  Use: Scroll            |       |     7 ||     7
       Potion            |       |     6 ||     6
 Stab: Sleeping          |    10 |    28 ||    38
  Eat: Chunk             |    10 |    11 ||    21
Armor: Robe              |    35 |    81 ||   116
       Skin              |       |    22 ||    22
       Leather armour    |       |    11 ||    11
Dodge: Dodged            |    85 |   242 ||   327
